AoeStats
← Joaquito

Arabia

505794009Analyzed
3v3 RM · 22d ago on Sep 11, 2026· 36m 23s· 6 players
Game mode
Random Map
Map size
Normal (6 player)
Population
200
Speed
Normal
Resources
Standard
Victory
Conquest
Starting age
Dark Age
Ending age
Imperial Age
RankedLock teamsTeams togetherTeam positionsShared explorationLock speedFull tech treeHidden civsTurbo modeCheats
Victory
Defeat
🇨🇱 Mapuche · Chile
1045
+14
🇨🇱 Wei · Chile
1036
+15
🇨🇱 Byzantines · Chile
1003
+16
🇨🇱 Shu · Chile
1063
-17
🇨🇱 Chinese · Chile
998
-15
🇨🇱 Malians · Chile
966
-13
Joaquito
4:41 Loom
11:36 Feudal Age
15:53 Castle Age
14:10 Double-Bit Axe
15:20 Stone Mining
22:02 Scale Mail Armor
24:22 Crossbowman
25:28 Gold Mining
25:38 Fletching
27:36 Forging
38:17 Imperial Age
36:38 Bow Saw
cacadecaca38
11:02 Feudal Age
11:29 Loom
15:10 Man-at-Arms
23:21 Forging
23:14 Scale Mail Armor
23:05 Fletching
23:16 Padded Archer Armor
23:44 Forging
26:32 Castle Age
25:10 Double-Bit Axe
25:12 Horse Collar
26:48 Crossbowman
27:25 Fletching
27:37 Padded Archer Armor
27:12 Pikeman
27:17 Long Swordsman
28:52 Bow Saw
28:45 Heavy Plow
32:12 Ballistics
Arzzeus
5:41 Loom
10:00 Feudal Age
11:39 Double-Bit Axe
15:05 Man-at-Arms
19:02 Horse Collar
21:05 Gold Mining
23:57 Forging
27:17 Castle Age
31:24 Bow Saw
32:33 Heavy Plow
33:26 Elite Skirmisher
gabrieloresp
6:12 Loom
11:33 Feudal Age
13:59 Double-Bit Axe
17:16 Castle Age
16:51 Horse Collar
17:24 Gold Mining
18:33 Bow Saw
20:10 Forging
22:28 Bloodlines
23:58 Scale Barding Armor
24:29 Iron Casting
25:10 Husbandry
26:15 Chain Barding Armor
27:38 Gold Shaft Mining
28:26 Fletching
28:37 Padded Archer Armor
30:33 Bodkin Arrow
30:54 Leather Archer Armor
32:21 Thumb Ring
34:58 Wheelbarrow
39:02 Imperial Age
alfredoruninm
6:13 Loom
9:12 Feudal Age
9:39 Champi Runner
12:47 Double-Bit Axe
13:39 Scale Mail Armor
20:08 Castle Age
18:41 Fletching
24:05 Bodkin Arrow
24:36 Padded Archer Armor
24:56 Bow Saw
24:27 Horse Collar
27:46 Ballistics
29:04 Leather Archer Armor
29:58 Heavy Plow
32:37 Wheelbarrow
31:48 Town Watch
32:21 Malon
33:11 Masonry
33:52 Hand Cart
34:04 Town Patrol
38:38 Imperial Age
Autopawn
6:47 Loom
12:23 Feudal Age
14:47 Double-Bit Axe
21:25 Castle Age
20:49 Fletching
21:42 Padded Archer Armor
21:30 Elite Skirmisher
23:00 Wheelbarrow
22:29 Horse Collar
25:38 Scale Barding Armor
38:21 Imperial Age
36:42 Forging
37:13 Bow Saw
Connection lost

Rejoining the realm…

Still unreachable

The connection could not be restored.

Session expired

The server has moved on; the page needs a fresh start.